 Dungeon Crawl Stone Soup version 0.25-a0-435-g4b9beb1024 (webtiles) character file.

Game seed: 6423065877904142712, levelgen mode: deterministic

1101 Ijustatesigmund the Skirmisher (level 8, -2/58 HPs)
             Began as an Octopode Fighter on Jan 29, 2020.
             Slain by an ice beast (14 damage)
             ... on level 6 of the Dungeon.
             The game lasted 00:08:25 (5706 turns).

Ijustatesigmund the Skirmisher (Octopode Fighter)   Turns: 5706, Time: 00:08:26

Health: -2/58      AC:  1    Str: 15    XL:     8   Next: 32%
Magic:  8/8        EV: 13    Int: 11    God:
Gold:   401        SH: 10    Dex: 13    Spells: 7/7 levels left

rFire    + . .     SeeInvis .   a - +5 flail
rCold    . . .     Gourm    .   b - +1 shield
rNeg     . . .     Faith    .   (helmet restricted)
rPois    +         Spirit   .   h - amulet of inaccuracy (curse)
rElec    .         Reflect  .   e - ring of poison resistance
rCorr    .         Harm     .   q - ring of teleportation (curse)
MR       .....     Rnd*Tele +   t - ring of protection from fire
Stlth    ++........             (no ring)
HPRegen  0.19/turn              (no ring)
MPRegen  0.11/turn              (no ring)
                                (no ring)
                                (no ring)

@: no status effects
A: almost no armour, stealthy swim, amphibious, 8 rings, constrict 8, camouflage
1, gelatinous body 1
a: no special abilities


You were on level 6 of the Dungeon.
You were hungry.

You visited 1 branch of the dungeon, and saw 6 of its levels.

You collected 401 gold pieces.

Inventory:

Hand Weapons
 a - a +5 flail (weapon)
Missiles
 m - 7 javelins (quivered)
Armour
 b - a +1 shield (worn)
Jewellery
 e - a ring of poison resistance (left tentacle)
 h - a cursed amulet of inaccuracy (around mantle)
 q - a cursed ring of teleportation (right tentacle)
 t - a ring of protection from fire (on tentacle)
Wands
 n - a wand of flame (28)
 w - a wand of polymorph (6)
Scrolls
 o - a scroll of fear
 p - a scroll of teleportation
 v - a scroll of fog
Potions
 c - 2 potions of might
 f - 2 potions of flight
 g - 2 potions of heal wounds
 i - a potion of haste
 j - 2 potions of brilliance
 k - a potion of magic
 l - 4 potions of cancellation
 r - 2 potions of curing
 s - a potion of resistance {unknown}
 u - a potion of berserk rage
Comestibles
 d - 9 rations


   Skills:
 + Level 6.3 Fighting
   Level 4.0(5.1) Axes
 + Level 4.8(5.5) Maces & Flails
 + Level 4.3 Dodging
 + Level 4.3 Shields


You had 7 spell levels left.
You didn't know any spells.
Your spell library was empty.

Dungeon Overview and Level Annotations

Branches:
Dungeon (6/15)
 Temple: D:4-7

Altars:
Elyvilon
Okawaru
Ru
Uskayaw

Shops:
D:5 =

Annotations:
D:5 3 runed translucent doors, walterwhite's ghost, novice MfGl


Innate Abilities, Weirdness & Mutations

You cannot wear most types of armour.
You are very stealthy in the water. (Stealth+)
You are amphibious.
You can wear up to eight rings at the same time.
You can use your tentacles to constrict eight enemies at once.
Your skin changes colour to match your surroundings (Stealth+).
Your rubbery body absorbs attacks. (AC +1, EV +1)


Message History

You are too injured to fight recklessly!
You are too injured to fight recklessly!
You are too injured to fight recklessly!
You are too injured to fight recklessly!
You are too injured to fight recklessly!
You are too injured to fight recklessly!
An ice beast is nearby!
Evoke which item? (* to show all) (? for menu, Esc to quit)
Aiming: Throw Flame
Press: ? - help, Shift-Dir - straight line, f - ice beast
Aim: an ice beast (severely wounded)
The puff of flame misses the ice beast.
The ice beast hits you. The ice beast freezes you!
* * * LOW HITPOINT WARNING * * *
You barely miss the ice beast.
The ice beast is severely wounded.
The ice beast hits you.
* * * LOW HITPOINT WARNING * * *
The ice beast freezes you!
You die...

..>##...# ...#
...####+# ...# ...#
...# ...# ...# ...#
##### ...#
...#########...##...#
...'......#......$..#
...#......#.........#
#..##.##..##....@...#
#####.##..####'##Y..#
..........##...##...#
..........#.....#...#
#..##.##..##....#...#
#..#####..##....#...#
.. #............#..(#
. #......).....#...#
# ##############


You could see an ice beast.

Vanquished Creatures
  A black bear (D:4)
  An ogre (D:6)
  2 scorpions
  2 crimson imps
  7 orc priests
  A hound (D:4)
  2 bullfrog skeletons
  An iguana (D:6)
  7 orc wizards
  4 worker ants
  A gnoll (D:1)
  2 adders
  An adder skeleton (D:4)
  4 worms
  3 dart slugs (D:1)
  2 leopard geckos (D:3)
  27 orcs
  A giant cockroach (D:4)
  8 goblins
  5 hobgoblins
  4 jackals (D:3)
  2 quokkas
  6 bats
  3 frilled lizards
  5 kobolds
  A leopard gecko skeleton (D:4)
  A quokka skeleton (D:4)
  5 rats
109 creatures vanquished.

Notes
Turn   | Place    | Note
-------+----------+-------------------------------------------
     0 | D:1      | Ijustatesigmund the Octopode Fighter began the quest for
                  | the Orb.
     0 | D:1      | Reached XP level 1. HP: 16/16 MP: 1/1
   143 | D:1      | Reached XP level 2. HP: 21/21 MP: 2/2
   389 | D:1      | Reached XP level 3. HP: 26/26 MP: 3/3
   941 | D:2      | Found a faded altar of an unknown god.
  1132 | D:2      | Found an iron altar of Okawaru.
  1234 | D:2      | Reached XP level 4. HP: 32/32 MP: 4/4
  1757 | D:3      | Found a hide-covered altar of Uskayaw.
  1781 | D:3      | Reached skill level 4 in Fighting
  1781 | D:3      | Reached skill level 1 in Maces & Flails
  1781 | D:3      | Reached XP level 5. HP: 25/37 MP: 5/5
  2221 | D:3      | Reached XP level 6. HP: 24/44 MP: 6/6
  2620 | D:3      | Reached skill level 5 in Fighting
  3615 | D:4      | Reached XP level 7. HP: 48/50 MP: 7/7
  4030 | D:4      | Found a sacrificial altar of Ru.
  4639 | D:5      | Entered Level 5 of the Dungeon
  4848 | D:5      | Found a runed translucent gate.
  4850 | D:5      | Found a runed translucent gate.
  4866 | D:5      | Found Atucrorr's Jewellery Shoppe.
  4936 | D:5      | Found a runed translucent gate.
  4967 | D:5      | Found a white marble altar of Elyvilon.
  5025 | D:5      | Noticed walterwhite's ghost (novice MfGl)
  5196 | D:6      | Reached skill level 6 in Fighting
  5209 | D:6      | Reached XP level 8. HP: 24/57 MP: 8/8
  5706 | D:6      | Slain by an ice beast

Levels and vault maps discovered:
D:1:      nzn_arrival_settlement, layout_loops_ring, serial_forest,
          infiniplex_forest_lined_2
D:2:      layout_loops_ring, okawaru_ov_weapons_minmay,
          chequers_ecumenical_altar_simple
D:3:      layout_loops_ring, eat_drink_and_be_merry_uskayaw, first_ration,
          st_stairs_10
D:4:      layout_loops_ring, nicolae_ru_awakened_eye, dk_rats_in_the_wall
D:5:      layout_basic, elyvilon_altar_1, serial_shops, nicolae_shop_stone,
          gammafunk_ghost_icy
D:6:      minmay_flawed_box, layout_gridville, lemuel_crystal_altar,
          sigmund_army

Skill      XL: |  1  2  3  4  5  6  7  8 |
---------------+-------------------------+-----
Axes           | 3 4 |  4.0
Fighting       | 4 5 6 |  6.3
Maces & Flails | 1 2 3 4 |  4.8
Dodging        | 4 |  4.3
Shields        | 4 |  4.3

Action                   |  1- 3 |  4- 6 |  7- 9 || total
-------------------------+-------+-------+-------++-------
Melee: War axe           |    60 |    19 |       ||    79
       Constrict         |     7 |    26 |    20 ||    53
       Tentacles         |     8 |    22 |    15 ||    45
       Flail             |       |    92 |    77 ||   169
Throw: Javelin           |       |     1 |     1 ||     2
Evoke: Wand              |       |     2 |     4 ||     6
  Use: Scroll            |     5 |     5 |     5 ||    15
       Potion            |       |     3 |       ||     3
 Stab: Sleeping          |    11 |     6 |     4 ||    21
  Eat: Chunk             |     1 |     8 |     2 ||    11
       Ration            |       |       |     1 ||     1
Armor: Skin              |     7 |       |     2 ||     9
Dodge: Dodged            |    17 |    44 |    25 ||    86
Block: Shield            |    24 |    56 |    23 ||   103

Table legend:
 A = Non-vault XP
 B = Vault XP
 C = Vault XP percentage of total XP
 D = Non-vault monster count
 E = Vault monster count
 F = Vault count percentage of total count
                 A         B        C        D         E       F
            +---------+---------+-------+---------+---------+-------
      Total |    1375 |     199 |  12.6 |     102 |       7 |   6.4
            +---------+---------+-------+---------+---------+-------
        D:1 |      49 |       0 |   0.0 |      19 |       0 |   0.0
        D:2 |      37 |       0 |   0.0 |      12 |       0 |   0.0
        D:3 |     351 |       3 |   0.8 |      33 |       2 |   5.7
        D:4 |     504 |       0 |   0.0 |      29 |       0 |   0.0
        D:5 |     155 |       0 |   0.0 |       4 |       0 |   0.0
        D:6 |     279 |     196 |  41.3 |       5 |       5 |  50.0
            +---------+---------+-------+---------+---------+-------
